Map: Dragon Scales LE

Players

llllllllllll - Winner!

  • Race: Terran Terran
  • League: Master
  • Spawn Location: 11:00

AppleJuice

  • Race: Zerg Zerg
  • League: Grandmaster
  • Spawn Location: 5:00

VOD

Have the link to the VOD?

Description

Time

  • Played on: July 8, 2023, 11:19 p.m.
  • Length: 18:24
Show
View Real Time Build Order
Export as new Build Order

llllllllllll Terran - Winner!

Build Orders: Reaper Expand 

Get SALT Encoding   

  12  0:00  SCV  
  13  0:12  SCV  
  14  0:17  Supply Depot  
  14  0:24  SCV  
  15  0:39  SCV, Barracks  
  16  0:43  Refinery  
  16  0:51  SCV  
  17  1:03  SCV  
  18  1:15  SCV  
  19  1:28  Orbital Command, Reaper  
  20  1:41  Command Center  
  20  1:49  Supply Depot  
  20  1:54  SCV  
  20  2:00  Marine  
  22  2:11  SCV  
  22  2:12  Factory  
  23  2:21  Barracks Reactor  
  23  2:23  SCV  
  24  2:35  SCV  
  25  3:01  Command Center  
  24  3:06  Orbital Command  
  24  3:08  Starport  
  24  3:16  Barracks Tech Lab  
  24  3:22  SCV  
  24  3:23  Hellion x2  
  29  3:27  Refinery  
  29  3:32  SCV  
  30  3:34  SCV  
  31  3:44  Hellion  
  31  3:45  Hellion  
  31  3:46  SCV  
  31  3:47  SCV  
  37  3:54  Marine, Armory  
  38  3:59  SCV  
  38  4:00  SCV  
  44  4:14  Orbital Command  
  41  4:19  SCV  
  42  4:28  Marine x2, SCV  
  42  4:29  Bunker, Refinery  
  42  4:31  Siege Tank  
  46  4:37  Supply Depot, SCV  
  47  4:40  SCV  
  47  4:43  Starport Tech Lab  
  48  4:46  Marine x2  
  50  4:57  SCV  
  50  4:58  SCV x2  
  53  5:03  Supply Depot  
  53  5:04  Marine x2  
  53  5:09  Siege Tank, Banshee  
  53  5:11  Barracks x2  
  59  5:17  Bunker  
  59  5:22  Marine x2  
  59  5:23  SCV  
  59  5:24  SCV x2  
  64  5:35  SCV  
  64  5:41  Siege Tank  
  68  5:45  SCV x2  
  65  6:02  Marine x2  
  62  6:06  Barracks Reactor  
  62  6:07  SCV x2  
  62  6:08  SCV  
  65  6:14  Starport Reactor  
  65  6:19  SCV x2  
  65  6:20  Stimpack  
  65  6:22  SCV  
  65  6:24  Engineering Bay  
  68  6:27  Engineering Bay  
  68  6:28  Marine  
  68  6:29  Marine x2  
  68  6:31  SCV x2  
  73  6:34  SCV  
  73  6:38  Refinery  
  73  6:39  Refinery  
  74  6:43  SCV x2  
  74  6:46  SCV  
  77  6:52  Supply Depot x2, Terran Infantry Weapons Level 1  
  77  6:53  Terran Infantry Armor Level 1  
  77  7:01  Orbital Command  
  77  7:08  Barracks  
  77  7:11  Barracks  
  77  7:13  Marine x3  
  77  7:14  Medivac, SCV x2  
  77  7:15  Medivac, Marine x2  
  88  7:23  Supply Depot  
  88  7:25  Supply Depot  
  88  7:26  SCV x2  
  88  7:29  SCV  
  91  7:31  Marine x3  
  91  7:33  Marine  
  91  7:34  Marine  
  96  7:37  Siege Tank  
  96  7:38  SCV x2  
  101  7:44  SCV  
  101  7:46  Missile Turret  
  101  7:47  Supply Depot, Missile Turret  
  101  7:49  Supply Depot, Marine x2  
  104  7:52  SCV x2  
  102  8:00  SCV  
  102  8:02  Combat Shield  
  102  8:03  Barracks Tech Lab, Barracks Reactor  
  102  8:04  SCV  
  102  8:06  Terran Vehicle Weapons Level 1  
  102  8:07  SCV  
  102  8:09  Siege Tank  
  106  8:13  Marine x4, Marauder  
  106  8:16  SCV  
  113  8:21  SCV x2  
  113  8:24  Refinery  
  113  8:25  Refinery  
  115  8:35  Marine x2, SCV x3  
  115  8:36  Marine x2, Marauder  
  115  8:37  Marine  
  125  8:41  Factory  
  125  8:52  Command Center  
  125  8:53  Marine, Terran Infantry Weapons Level 2  
  125  8:54  Terran Infantry Armor Level 2  
  126  8:59  Marine  
  126  9:00  Marine x2, Marauder x2  
  133  9:17  Marine x2  
  133  9:21  Siege Tank, Marine  
  133  9:22  Marine  
  133  9:26  Supply Depot  
  133  9:27  Supply Depot, Factory Tech Lab  
  133  9:31  Marine  
  133  9:33  Marauder  
  133  9:34  Marine  
  133  9:37  Marauder  
  130  9:41  Marine x2  
  132  9:48  Supply Depot  
  129  9:53  Siege Tank, Medivac  
  129  9:54  Medivac, Marauder  
  129  9:58  Marauder  
  133  10:05  Marine x3  
  83  10:16  Marauder  
  83  10:19  Marine x2, Marauder  
  83  10:20  Marine  
  71  10:30  Marine  
  71  10:35  Marine  
  71  10:36  Marine  
  71  10:37  Supply Depot, Marine, Marauder, Terran Vehicle Weapons Level 2  
  71  10:39  Supply Depot, Siege Tank  
  71  10:40  Siege Tank  
  71  10:41  Marauder  
  76  10:58  Marauder  
  76  11:02  Marauder  
  70  11:05  Marine  
  70  11:06  Marine x5  
  76  11:12  Siege Tank  
  79  11:20  Marauder  
  79  11:23  Marine x2  
  79  11:24  Marine x2, Marauder  
  87  11:26  Terran Infantry Armor Level 3, Terran Infantry Weapons Level 3  
  79  11:41  SCV, Marauder  
  79  11:45  Marauder  
  84  11:48  SCV  
  84  11:53  Marine x2  
  84  11:54  Marine x3  
  88  11:56  SCV  
  88  12:00  SCV  
  92  12:02  Marauder  
  92  12:07  Orbital Command  
  92  12:08  SCV  
  95  12:12  SCV  
  95  12:20  SCV  
  95  12:22  Marine x6, Marauder  
  103  12:23  Siege Tank, Marine  
  103  12:24  Siege Tank, SCV  
  112  12:32  SCV  
  112  12:36  SCV  
  114  12:39  Marine, SCV  
  116  12:44  SCV  
  116  12:49  SCV  
  116  12:51  SCV  
  116  12:55  Siege Tank  
  116  12:56  Siege Tank, SCV  
  115  13:03  Marine x4, Marauder  
  116  13:20  Marauder  
  116  13:25  Marauder  
  116  13:27  Siege Tank, Marine x3, Medivac x2  
  107  13:28  Siege Tank  
  118  13:42  Marauder  
  111  13:52  Marine, Marauder  
  100  13:56  Marine x2  
  100  13:57  Medivac x2, Marine x2  
  100  14:02  SCV x3  
  104  14:03  Marauder  
  104  14:05  Planetary Fortress  
  106  14:13  Marauder  
  106  14:14  SCV x3  
  111  14:25  Marauder  
  111  14:26  SCV  
  111  14:27  Marine x4  
  111  14:28  Marine x2  
  111  14:29  SCV  
  121  14:35  Marauder  
  121  14:37  Refinery  
  121  14:38  Refinery  
  123  14:39  Siege Tank x2  
  123  14:45  Marine x5  
  130  14:46  Marine, Marauder  
  131  14:56  Marauder  
  130  15:03  Marine  
  117  15:12  Marauder  
  111  15:17  Marauder  
  102  15:33  Marauder  
  101  15:39  Marauder  
  101  15:45  Marine  
  101  15:46  Marine  
  101  15:47  Marine x4  
  101  15:48  Medivac  
  101  15:49  SCV  
  110  15:52  SCV, Barracks x2  
  110  15:53  SCV x2  
  110  15:54  Command Center, Barracks, Marauder  
  115  16:00  Marauder  
  115  16:03  Marine x2  
  119  16:04  Marine x2  
  119  16:06  Concussive Shells  
  116  16:14  Siege Tank x2  
  116  16:16  SCV, Marauder  
  116  16:17  Refinery, SCV  
  116  16:18  Refinery  
  126  16:22  Marauder  
  126  16:23  Marine  
  129  16:37  Marauder  
  122  16:43  Marauder  
  122  16:46  Barracks Tech Lab, Barracks Reactor, Siege Tank x2  
  131  16:47  Barracks Tech Lab, SCV  
  131  16:50  SCV x2  
  131  16:51  SCV  
  134  16:58  Marauder  
  134  16:59  Marine x5, SCV  
  142  17:02  SCV  
  142  17:03  SCV  
  142  17:04  Marauder  
  142  17:07  Marine x2  
  142  17:08  Marauder  
  150  17:11  Sensor Tower  
  147  17:19  Missile Turret  
  147  17:21  Missile Turret  
  147  17:23  Marine x2  
  146  17:31  Siege Tank  
  149  17:37  Marine  
  149  17:38  Marine, Marauder x3  
  152  17:53  Marine x6, Marauder  
  152  17:55  Marine  
Show
View Real Time Build Order
Export as new Build Order

AppleJuice Zerg 

Build Orders: Hatch First 

Get SALT Encoding   

  12  0:00  Drone  
  13  0:08  Drone  
  14  0:14  Extractor  
  14  0:15  Drone  
  15  0:38  Hatchery  
  14  0:43  Drone, Extractor  
  14  0:49  Overlord  
  15  1:03  Spawning Pool  
  14  1:08  Drone  
  16  1:11  Drone  
  16  1:14  Drone  
  17  1:22  Drone  
  17  1:25  Extractor  
  17  1:30  Drone  
  18  1:40  Drone  
  19  1:50  Queen x2  
  19  1:52  Zergling x2  
  19  1:53  Drone  
  25  2:01  Drone  
  26  2:02  Drone  
  27  2:12  Drone  
  28  2:19  Overlord  
  28  2:25  Overlord  
  28  2:37  Queen x2  
  28  2:39  Drone x2  
  28  2:42  Drone  
  35  2:45  Drone  
  35  2:46  Drone  
  35  2:50  Extractor  
  36  2:56  Drone  
  36  2:57  Drone  
  39  3:07  Drone x5  
  44  3:15  Roach Warren  
  44  3:19  Extractor  
  42  3:21  Lair  
  42  3:23  Queen  
  43  3:33  Drone x2, Extractor  
  44  3:35  Overlord  
  44  3:36  Overlord  
  44  3:39  Overlord  
  44  3:55  Drone  
  44  3:56  Drone x6  
  44  3:58  Pneumatized Carapace  
  44  3:59  Roach  
  44  4:02  Roach  
  55  4:11  Overlord  
  55  4:15  Roach  
  55  4:16  Roach  
  59  4:22  Roach x3  
  65  4:42  Roach x5  
  65  4:44  Overlord  
  75  4:48  Hatchery  
  74  4:58  Roach  
  76  5:07  Drone  
  76  5:08  Drone x7  
  76  5:11  Drone, Evolution Chamber  
  76  5:13  Drone, Evolution Chamber  
  84  5:22  Overlord  
  84  5:39  Queen  
  84  5:41  Drone x6  
  92  5:42  Overlord  
  92  5:45  Zerg Ground Armor Level 1, Zerg Missile Weapons Level 1  
  92  5:46  Glial Reconstitution  
  78  6:03  Drone  
  78  6:04  Drone x6  
  77  6:06  Extractor x2  
  77  6:08  Extractor  
  70  6:13  Drone  
  70  6:14  Queen  
  73  6:22  Roach x5  
  83  6:29  Roach x2  
  87  6:53  Roach x6  
  99  6:54  Overlord  
  99  6:57  Drone  
  99  6:59  Drone  
  101  7:01  Drone x2  
  101  7:02  Drone, Infestation Pit  
  103  7:11  Hatchery  
  103  7:14  Roach x3  
  108  7:17  Spore Crawler  
  108  7:18  Spore Crawler  
  108  7:19  Spore Crawler  
  108  7:20  Drone x2  
  107  7:23  Roach  
  109  7:36  Roach x2  
  113  7:39  Overlord x2  
  113  7:40  Zerg Ground Armor Level 2, Zerg Missile Weapons Level 2  
  113  7:45  Overlord  
  113  7:58  Pathogen Glands  
  113  8:05  Roach x9  
  131  8:08  Ravager x6  
  131  8:09  Ravager  
  138  8:20  Overlord  
  138  8:29  Infestor x3  
  138  8:31  Overlord  
  138  8:32  Overlord x3  
  144  8:50  Extractor x2  
  144  8:54  Infestor x3  
  148  8:58  Roach x3  
  148  8:59  Roach x4  
  162  9:07  Roach x5  
  166  9:21  Roach x7  
  166  9:23  Overlord x2  
  172  9:43  Roach x2  
  172  9:44  Roach x7  
  186  9:53  Roach x3  
  145  10:09  Roach  
  145  10:10  Roach x5  
  151  10:14  Infestor  
  133  10:30  Drone x7  
  140  10:48  Infestor x2  
  124  11:06  Infestor  
  124  11:22  Drone x5  
  124  11:24  Overlord  
  124  11:25  Drone x6  
  98  11:42  Roach x4  
  98  11:46  Roach x3  
  107  11:49  Hive  
  107  11:52  Hatchery  
  107  11:54  Roach  
  108  12:06  Drone x3  
  108  12:07  Drone x2  
  113  12:08  Drone x2, Queen  
  113  12:12  Roach  
  113  12:15  Hatchery  
  114  12:21  Roach x7  
  124  12:23  Ravager  
  124  12:24  Ravager x4  
  124  12:25  Infestor x3  
  135  12:32  Roach x6  
  147  12:41  Roach x3  
  147  12:43  Hatchery  
  139  13:00  Roach x14  
  163  13:14  Roach x5  
  149  13:30  Infestor x2  
  149  13:31  Infestor x2  
  157  13:36  Roach x9  
  111  14:08  Roach  
  111  14:09  Roach x17  
  147  14:13  Infestor  
  147  14:15  Infestor  
  151  14:21  Drone  
  151  14:22  Drone x6  
  158  14:31  Ravager x5  
  159  14:37  Roach x6  
  175  14:42  Roach x4  
  175  14:43  Extractor  
  175  14:45  Extractor  
  167  15:01  Roach x5  
  167  15:02  Roach x12  
  160  15:26  Roach x16  
  158  15:45  Roach x7  
  158  15:46  Roach x5  
  179  15:51  Tunneling Claws  
  150  16:16  Spire  
  135  16:34  Infestor x2  
  135  16:35  Infestor x3  
  143  16:43  Metabolic Boost  
  143  16:45  Extractor  
  140  16:48  Hatchery  
  140  16:50  Drone x3  
  140  16:51  Extractor  
  141  17:08  Overlord  
  141  17:09  Roach x4  
  141  17:10  Roach x11  
  159  17:29  Roach x4  
  175  17:30  Roach x9  
  141  17:46  Mutalisk  
  141  17:47  Mutalisk x4  
  118  17:54  Mutalisk x7  
Tags
 
Add a new tag
Caveats
  • Supply blocks, unpowered buildings, or Contaminate may cause inaccurate times.
  • Supply counts are checked every 10 seconds.